 Dungeon Crawl Stone Soup version 0.27-a0-406-g23f261fbd2 (webtiles) character file.

Game seed: 1183150689825656425

7773 wakim the Covert (level 11, 0/56 HPs)
             Began as a Spriggan Enchanter on Feb 22, 2021.
             Was a Believer of Uskayaw.
             Slain by Snorg (17 damage)
             ... on level 10 of the Dungeon.
             The game lasted 00:45:33 (12776 turns).

wakim the Covert (Spriggan Enchanter)              Turns: 12776, Time: 00:45:34

Health: 0/56       AC:  6    Str:  4    XL:     11   Next: 1%
Magic:  16/21      EV: 25    Int: 16    God:    Uskayaw [**....]
Gold:   214        SH:  0    Dex: 20    Spells: 14/22 levels left

rFire    + . .     SeeInvis +   a - +3 dagger (speed)
rCold    + + .     Faith    .   (shield restricted)
rNeg     . . .     Spirit   .   v - +2 robe {rC+ rF+}
rPois    .         Reflect  .   z - +0 hat
rElec    .         Harm     .   C - +1 cloak
rCorr    +         Rampage  .   (gloves unavailable)
Will     +....                  (boots unavailable)
Stlth    +++++.....             (no amulet)
HPRegen  0.18/turn              c - ring of resist corrosion
MPRegen  0.17/turn              n - ring of protection from cold

@: confusing touch, very quick
A: very small, unfitting armour, see invisible, speed 3
a: Renounce Religion, Stomp, Line Pass


You were on level 10 of the Dungeon.
You worshipped Uskayaw.
Uskayaw was noncommittal.
You visited 2 branches of the dungeon, and saw 11 of its levels.

You collected 448 gold pieces.
You spent 234 gold pieces at shops.

Inventory:

Hand Weapons
 a - a +3 dagger of speed (weapon)
 b - a +2 short sword of venom
Armour
 v - a +2 robe of resistance (worn)
 z - a +0 hat (worn)
 C - a +1 cloak (worn)
Jewellery
 c - a ring of resist corrosion (left hand)
 n - a ring of protection from cold (right hand)
 B - a ring of magical power
Wands
 d - a wand of iceblast (5)
 s - a wand of polymorph (23)
 y - a wand of flame (35)
Scrolls
 e - 7 scrolls of enchant armour
 f - 4 scrolls of identify
 g - 2 scrolls of fog
 h - a scroll of magic mapping
 j - 5 scrolls of amnesia
 m - 5 scrolls of teleportation
 q - a scroll of blinking
 A - 2 scrolls of brand weapon
Potions
 i - 4 potions of heal wounds
 k - 2 potions of flight
 l - 5 potions of might
 o - 5 potions of curing
 p - a potion of ambrosia
 t - 5 potions of resistance
 w - 2 potions of brilliance
 D - a potion of magic


   Skills:
 * Level 5.9 Fighting
 * Level 8.6 Short Blades
 + Level 8.4 Dodging
 * Level 11.1 Stealth
 - Level 6.0 Spellcasting
 - Level 8.0 Hexes
 - Level 5.0 Ice Magic
 + Level 1.2 Invocations


You had 14 spell levels left.
You knew the following spells:

 Your Spells              Type           Power        Failure   Level
b - Ensorcelled Hibernat  Hex/Ice        50%          1%          2
c - Confusing Touch       Hex            30%          1%          3
d - Tukima's Dance        Hex            30%          1%          3

Your spell library contained the following spells:

 Spells                   Type           Power        Failure   Level
 Corona                   Hex            33%          1%          1
 Dazzling Flash           Conj/Hex       34%          8%          3


Dungeon Overview and Level Annotations

Branches:
Dungeon (10/15)            Temple (1/1) D:7
   Lair: D:8-11         Orc: D:9-12

Altars:
Ashenzari
Cheibriados
Dithmenos
Elyvilon
Fedhas
Gozag
Hepliaklqana
Kikubaaqudgha
Makhleb
Nemelex Xobeh
Okawaru
Qazlal
Ru
Sif Muna
Trog
Uskayaw
Vehumet
Wu Jian
Xom
Yredelemnul
Zin
The Shining One
Lugonu

Shops:
D:5 *!((   D:9 [

Annotations:
D:3 3 runed translucent doors, vurker's ghost, amateur DEAE
D:10 Snorg


Innate Abilities, Weirdness & Mutations

You are very small and have problems with some larger weapons.
You are too small for most types of armour.
You have supernaturally acute eyesight. (SInv)
You cover ground extremely quickly.


Message History

You start resting.
HP restored.
A centaur is nearby!
The centaur wields a +0 shortbow.
The centaur shoots an arrow.
The arrow completely misses you.
The centaur resists with significant effort.
The centaur shoots an arrow.
The arrow misses you.
The centaur resists with significant effort.
The centaur shoots an arrow.
The arrow barely misses you.
The centaur looks drowsy...
The helpless centaur fails to defend itself.
You skewer the centaur like a kebab!!!!
You kill the centaur!
Things that are here:
a +0 shortbow; 11 arrows; a centaur corpse You start resting.
Magic restored.
There is a stone staircase leading down here.
You climb downwards.
Snorg the Insatiable comes into view.
Snorg shouts!
There is a stone staircase leading up here.
Snorg looks drowsy...
The helpless Snorg fails to defend herself.
You skewer Snorg like a kebab!!!!
Snorg is almost dead.
Snorg completely misses you. Snorg claws you! Snorg closely misses you.
You can now pass through a line of other dancers.
Casting: Ensorcelled Hibernation (safe; 1% risk of failure)
Confirm with . or Enter, or press ? or * to list all spells.
Your hands begin to glow red.
Snorg goes berserk!
You closely miss Snorg.
Snorg is almost dead.
You hit Snorg but do no damage.
Snorg is almost dead.
Snorg bites you!!
Ouch! That really hurt!
* * * LOW HITPOINT WARNING * * *
Snorg barely misses you. Snorg claws you!
You die...

.# #.. .#########
##..# .<#†...... ....
....#########...
................##
.................#
###.###.#######..###.#
#.# .# #.<....# #.# .#
##@##### #.# .# #T#
#.# .# #.# #.# .. ..#
###.# #.. ..Y.# #.#
##### #.# #.#


You could see Snorg (berserk).

Vanquished Creatures
  Harold (D:9)
  A death yak (D:10)
  Pikel (D:5)
  Joseph (D:7)
  Maggie (D:6)
  Prince Ribbit (D:8)
  A wraith (D:8)
  Sigmund (D:2)
  A wyvern (D:10)
  5 yaks (D:9)
  Eustachio (D:4)
  An orc warrior (D:9)
  A water moccasin (D:9)
  2 black bears (D:9)
  2 necrophages (D:8)
  2 sky beasts
  2 ogres
  3 centaurs
  A phantom (D:8)
  7 bullfrogs
  2 kobold brigands
  An elf skeleton (D:8)
  2 scorpions
  15 wights
  2 howler monkeys
  A troll skeleton (D:8)
  4 crimson imps (D:3)
  3 human zombies (D:8)
  Crazy Yiuf (D:6)
  An orc priest (D:9)
  5 hounds
  3 jellies
  A bullfrog skeleton (D:5)
  Jessica (D:2)
  Ijyb (D:5)
  Terence (D:2)
  3 iguanas
  An orc wizard (D:9)
  5 worker ants
  An ogre zombie (D:8)
  A hound zombie (D:7)
  2 hound skeletons
  3 worker ant zombies
  8 gnolls
  7 adders
  3 white imps
  3 ufetubi
  3 oozes
  2 adder skeletons
  2 worms
  A dart slug (D:1)
  6 leopard geckos
  21 orcs
  2 bats
  7 giant cockroaches
  10 goblins
  2 hobgoblins
  14 jackals
  4 quokkas
  5 frilled lizards
  16 kobolds
  An orc skeleton (D:8)
  An orc zombie (D:8)
  4 rats
218 creatures vanquished.

Vanquished Creatures (others)
  A plant (D:2)
1 creature vanquished.

Grand Total: 219 creatures vanquished

Notes
Turn   | Place    | Note
-------+----------+-------------------------------------------
     0 | D:1      | wakim the Spriggan Enchanter began the quest for the Orb.
     0 | D:1      | Reached XP level 1. HP: 9/9 MP: 5/5
   182 | D:1      | Reached XP level 2. HP: 13/13 MP: 6/6
   620 | D:1      | Learned a level 2 spell: Ensorcelled Hibernation
   979 | D:2      | Noticed Sigmund
  1243 | D:2      | Reached skill level 5 in Stealth
  1243 | D:2      | Reached XP level 3. HP: 16/16 MP: 5/8
  1567 | D:2      | Noticed Terence
  1576 | D:2      | Killed Terence
  1600 | D:2      | Noticed Jessica
  1608 | D:2      | Killed Jessica
  1609 | D:2      | Reached XP level 4. HP: 17/21 MP: 2/10
  1695 | D:2      | Learned a level 3 spell: Confusing Touch
  2873 | D:2      | Reached skill level 5 in Dodging
  3418 | D:3      | Found a runed translucent gate.
  3418 | D:3      | Found a runed translucent gate.
  3418 | D:3      | Found a runed translucent gate.
  3853 | D:3      | Found a shimmering altar of Xom.
  3978 | D:3      | Reached skill level 6 in Stealth
  3978 | D:3      | Reached XP level 5. HP: 11/24 MP: 4/12
  4169 | D:3      | Found a snail-covered altar of Cheibriados.
  4292 | D:3      | Noticed vurker's ghost (amateur DEAE)
  4438 | D:3      | Reached XP level 6. HP: 23/29 MP: 11/13
  4788 | D:4      | Reached skill level 1 in Ice Magic
  5327 | D:4      | Reached skill level 1 in Fighting
  5694 | D:4      | Noticed Eustachio
  5751 | D:4      | Killed Eustachio
  5752 | D:4      | Reached skill level 5 in Hexes
  5752 | D:4      | Reached XP level 7. HP: 31/33 MP: 14/14
  6021 | D:2      | Killed Sigmund
  6095 | D:5      | Entered Level 5 of the Dungeon
  6369 | D:5      | Found Jatroc's Distillery.
  6369 | D:5      | Found Lepniq's Assorted Antiques.
  6372 | D:5      | Found Rueno's Weapon Shop.
  6377 | D:5      | Found Gularur's Antique Weapon Shop.
  6541 | D:5      | Noticed Pikel
  6557 | D:5      | Killed Pikel
  6558 | D:5      | Reached skill level 5 in Spellcasting
  6558 | D:5      | Reached XP level 8. HP: 35/39 MP: 9/16
  6962 | D:5      | Noticed Ijyb
  6971 | D:5      | Killed Ijyb
  7116 | D:5      | Bought a +2 dagger of speed for 234 gold pieces
  7144 | D:6      | You fall into a shaft and drop 3 floors!
  7621 | D:8      | Reached XP level 9. HP: 44/44 MP: 18/18
  7743 | D:8      | Found a basalt altar of Yredelemnul.
  7748 | D:8      | Reached skill level 7 in Stealth
  7947 | D:8      | Noticed Prince Ribbit
  7954 | D:8      | Killed Prince Ribbit
  8072 | D:8      | Noticed a hell beast
  8073 | D:8      | Noticed a hell beast
  8074 | D:8      | Noticed an orange demon
  8107 | D:8      | Noticed an orange demon
  8143 | D:8      | Reached skill level 5 in Ice Magic
  8341 | D:8      | Found a corrupted altar of Lugonu.
  8417 | D:8      | Reached skill level 8 in Stealth
  8817 | D:6      | Reached skill level 5 in Short Blades
  8859 | D:6      | Found a runed translucent door.
  8860 | D:6      | Noticed Crazy Yiuf
  8866 | D:6      | Killed Crazy Yiuf
  8964 | D:6      | Noticed Maggie
  8984 | D:6      | Killed Maggie
  8985 | D:6      | Reached skill level 9 in Stealth
  9543 | D:6      | Reached XP level 10. HP: 22/50 MP: 2/20
  9722 | D:6      | Learned a level 3 spell: Tukima's Dance
  9785 | D:6      | Found a blossoming altar of Fedhas.
  9989 | D:7      | Noticed Joseph
 10016 | D:7      | Killed Joseph
 10412 | D:7      | Found a staircase to the Ecumenical Temple.
 10421 | Temple   | Entered the Ecumenical Temple
 10467 | Temple   | Became a worshipper of Uskayaw the Reveller
 10565 | D:7      | Reached * piety under Uskayaw
 10757 | D:7      | Found a stormy altar of Qazlal.
 11140 | D:9      | Reached ** piety under Uskayaw
 11141 | D:9      | Reached skill level 10 in Stealth
 11145 | D:9      | Reached *** piety under Uskayaw
 11146 | D:9      | Reached **** piety under Uskayaw
 11155 | D:9      | Reached skill level 5 in Fighting
 11163 | D:9      | Reached ***** piety under Uskayaw
 11327 | D:9      | Noticed Harold
 11400 | D:9      | Killed Harold
 12229 | D:9      | Found Coyptez's Antique Armour Shop.
 12352 | D:10     | Entered Level 10 of the Dungeon
 12406 | D:10     | Noticed a death yak
 12407 | D:10     | Noticed a death yak
 12412 | D:10     | Noticed a death yak
 12413 | D:10     | Killed a death yak
 12414 | D:10     | Reached skill level 11 in Stealth
 12414 | D:10     | Reached skill level 1 in Invocations
 12414 | D:10     | Reached XP level 11. HP: 56/56 MP: 21/21
 12415 | D:10     | Noticed a death yak
 12459 | D:10     | Noticed a death yak
 12770 | D:10     | Noticed Snorg
 12776 | D:10     | Slain by Snorg

Illustrated notes

Levels and vault maps discovered:
D:1:      dpeg_arrival_oval, layout_loops_ring, lemuel_old_faithful
D:2:      layout_rooms, serial_bayou_pond_b, uniq_terence, uniq_jessica,
          uniq_sigmund
D:3:      kennysheep_big_flooded_room, layout_rooms, cheibriados_altar_1,
          gammafunk_ghost_necromancy, led_xom_imps
D:4:      layout_loops_corners, uniq_eustachio
D:5:      layout_basic, amcnicky_mini_pool_small, minmay_shop_grid_forest,
          minmay_liquid_box, serial_park_tiny_pond, uniq_ijyb, uniq_pikel
D:6:      layout_rooms, fedhas_altar_1, chequers_serial_rivers_small_b,
          uniq_crazy_yiuf_cottage, uniq_maggie
D:7:      layout_basic, kennysheep_little_box, temple_hall, uniq_joseph
D:8:      layout_basic, lemuel_mausoleum_altar_yredelemnul,
          lemuel_hellish_altar, uniq_prince_ribbit1
D:9:      layout_basic, serial_shops, nicolae_shop_behind_doors, uniq_harold
D:10:     layout_loops_ring, dpeg_lair_monsters, minmay_beelzebubs_servants,
          uniq_snorg, uniq_psyche
Temple:   compressed_dpeg_circular_temple

Skill      XL: |  1  2  3  4  5  6  7  8  9 10 |
---------------+-------------------------------+-----
Dodging        | 3 4 5 6 8 |  8.4
Spellcasting   | 3 4 5 6 |  6.0
Stealth        | 5 6 9 11 | 11.1
Hexes          | 4 5 6 7 8 |  8.0
Ice Magic      | 2 3 4 5 |  5.0
Fighting       | 1 2 3 4 5 |  5.9
Short Blades   | 2 3 4 6 8 |  8.6
Invocations    | 1 |  1.2

Action                   |  1- 3 |  4- 6 |  7- 9 | 10-12 || total
-------------------------+-------+-------+-------+-------++-------
Melee: Dagger            |    71 |   119 |   298 |   166 ||   654
       Short sword       |       |    51 |    74 |       ||   125
 Cast: Ensorcelled Hiber |    10 |   103 |    62 |    53 ||   228
       Corona            |     2 |       |       |       ||     2
       Confusing Touch   |       |     6 |    33 |    16 ||    55
Invok: Line Pass         |       |       |       |     2 ||     2
  Use: Scroll            |       |       |       |    21 ||    21
 Stab: Sleeping          |    13 |    36 |    45 |    33 ||   127
       Confused          |       |     4 |    35 |    18 ||    57
       Distracted        |       |       |     1 |       ||     1
       Paralysed         |       |       |       |     2 ||     2
Armor: Robe              |     4 |     5 |    22 |     9 ||    40
Dodge: Dodged            |    51 |   169 |   235 |    81 ||   536

Table legend: (Time is in decaauts)
 A = Elapsed time spent in this place.
 B = Non-inter-level travel time spent in this place.
 C = Inter-level travel time spent in this place.
 D = Time resting spent in this place.
 E = Time spent auto-exploring this place.
 F = Levels seen in this place.
 G = Mean time per level.
                   A        B        C        D        E       F      G
               +--------+--------+--------+--------+--------+-----+--------+
         Total |   9953 |   9482 |    471 |   4764 |   2549 |  11 |  904.8 |
       Dungeon |   9903 |   9436 |    467 |   4764 |   2509 |  10 |  990.3 |
        Temple |     50 |     46 |      4 |      0 |     39 |   1 |   50.0 |
               +--------+--------+--------+--------+--------+-----+--------+

Top non-repeatable levels by time:
     D:1: 1538 daAuts
     D:3: 1370 daAuts
     D:9: 1264 daAuts
     D:8: 1234 daAuts
     D:4: 1027 daAuts
     D:2: 922 daAuts
     D:6: 903 daAuts
     D:5: 836 daAuts
     D:7: 719 daAuts
    D:10: 86 daAuts
  Temple: 50 daAuts
